 Dungeon Crawl Stone Soup version 0.22.1-2-g9c5b331 (webtiles) character file.

92 MalarOregon the Insei (level 4, -2/33 HPs)
             Began as a Merfolk Transmuter on Nov 16, 2018.
             Slain by an orc
             ... wielding a +0 short sword
              (5 damage)
             ... on level 3 of the Dungeon.
             The game lasted 00:06:33 (2434 turns).

MalarOregon the Insei (Merfolk Transmuter)          Turns: 2434, Time: 00:06:34

Health: -2/33      AC:  2    Str: 10    XL:     4   Next: 60%
Magic:  7/7        EV: 13    Int: 17    God:
Gold:   69         SH:  0    Dex: 14    Spells: 2/8 levels left

rFire    . . .     SeeInvis .   p - +0 halberd
rCold    . . .     Gourm    .   (shield currently unavailable)
rNeg     . . .     Faith    .   b - +0 robe
rPois    .         Spirit   .   (no helmet)
rElec    .         Reflect  .   (no cloak)
rCorr    .         Harm     .   (no gloves)
MR       .....                  (no boots)
Stlth    ++........             (no amulet)
HPRegen  0.11/turn              h - ring of stealth
MPRegen  0.10/turn              d - +4 ring of intelligence

@: no status effects
A: change form in water, swift swim, stealthy swim
a: no special abilities


You were on level 3 of the Dungeon.
You were not hungry.

You visited 1 branch of the dungeon, and saw 3 of its levels.

You collected 69 gold pieces.

Inventory:

Hand Weapons
 p - a +0 halberd (weapon)
   (You took it off a gnoll on level 3 of the Dungeon)
Missiles
 a - 12 arrows
 f - 61 stones (quivered)
Armour
 b - a +0 robe (worn)
Jewellery
 d - a +4 ring of intelligence (right hand)
   (You found it on level 2 of the Dungeon)
 h - a ring of stealth (left hand)
   (You found it on level 1 of the Dungeon)
Wands
 u - a wand of paralysis (13)
   (You found it on level 2 of the Dungeon)
Scrolls
 c - a scroll of teleportation {@r4}
 i - a scroll of enchant weapon {unknown}
 j - 2 scrolls of identify {unknown}
 k - a scroll of blinking {unknown}
 n - a scroll of enchant armour {unknown}
Potions
 g - a potion of degeneration {unknown}
 l - a potion of curing {unknown}
 m - a potion of might {unknown}
 o - a potion of ambrosia {unknown}
 r - a potion of heal wounds {unknown}
Comestibles
 e - 3 rations {!d}
 q - 3 chunks of flesh


   Skills:
 * Level 1.9 Fighting
 * Level 0.2 Polearms
 + Level 1.0 Throwing
 * Level 3.4 Dodging
 * Level 4.0 Unarmed Combat
 * Level 2.5 Spellcasting
 * Level 3.5 Transmutations


You had 2 spell levels left.
You knew the following spells:

 Your Spells              Type           Power        Failure   Level  Hunger
a - Beastly Appendage     Tmut           ##....       4%          1    #......
s - Sticks to Snakes      Tmut           ##......     6%          2    ##.....
x - Spider Form           Tmut/Pois      #.........   26%         3    ###....

Your spell library contained the following spells:

 Spells                   Type           Power        Failure   Level  Hunger
 Ice Form                 Ice/Tmut       #.......     65%         4    #####..
 Blade Hands              Tmut           ##........   75%         5    ######.


Dungeon Overview and Level Annotations

Branches:
Dungeon (3/15)

Altars:


Message History

Attack whom?
Aim: a frilled lizard You reach to attack!
You hit the frilled lizard.
You kill the frilled lizard!
You closely miss the goblin.
The goblin hits you with an enchanted dagger.
The goblin hits you but does no damage.
You grow a pair of large bovine horns.
The goblin hits you but does no damage.
You hit the goblin. The goblin barely misses you.
You hit the goblin.
You kill the goblin!
You now have 69 gold pieces (gained 4).
Things that are here:
an enchanted dagger; a goblin corpse Unknown command.
You butcher the goblin corpse.
q - 3 chunks of flesh (gained 1)
You see here an enchanted dagger.
Your transformation is almost over.
You start resting.
An orc comes into view. It is wielding a whip.
An orc is nearby!
The orc shouts!
Attack whom?
Aim: an orc, wielding a whip You reach to attack!
You closely miss the orc.
An orc comes into view. It is wielding a short sword.
The orc hits you with a whip.
The orc shouts!
You hit the orc. The orc hits you but does no damage.
You hit the orc but do no damage. The orc misses you.
The orc hits you but does no damage. The orc closely misses you.
You completely miss the orc. The orc barely misses you. The orc misses you.
You puncture the orc!
You kill the orc!
The orc hits you with a short sword! The orc barely misses you.
An orc priest comes into view. It is wielding a hand axe.
Unknown command.
The orc priest shouts!
You hit the orc but do no damage.
Your horns disappear.
The orc hits you with a short sword.
* * * LOW HITPOINT WARNING * * *
The orc priest casts a cantrip, but nothing happens.
You hit the orc. The orc misses you.
The orc priest calls down the wrath of Beogh upon you.
Pain shoots through your body!
* * * LOW HITPOINT WARNING * * *
The orc hits you with a short sword.
You die...

######## #......#
#......# +......#
#......# ##########
###...o..####........##
......)@)............>#
####o########.####.#..#
#.# #.#..# #.# #.#..##
#.# #.#.... #.# #.#.###
..# #.#.... ### #.#####


You could see an orc priest and an orc.

Vanquished Creatures
  4 gnolls (D:3)
  An adder (D:2)
  An ooze (D:1)
  A worm (D:2)
  2 leopard geckos
  An orc (D:3)
  5 giant cockroaches
  2 goblins
  2 hobgoblins
  9 bats
  3 frilled lizards
  2 kobolds
  5 rats
38 creatures vanquished.

Notes
Turn   | Place    | Note
-------+----------+-------------------------------------------
     0 | D:1      | MalarOregon the Merfolk Transmuter began the quest for the
                  | Orb.
     0 | D:1      | Reached XP level 1. HP: 15/15 MP: 3/3
   316 | D:1      | Reached XP level 2. HP: 21/21 MP: 5/5
  1081 | D:2      | Reached XP level 3. HP: 21/26 MP: 6/6
  1133 | D:2      | Found a faded altar of an unknown god.
  1320 | D:2      | Learned a level 2 spell: Sticks to Snakes
  1324 | D:2      | Learned a level 3 spell: Spider Form
  2080 | D:3      | Reached XP level 4. HP: 4/33 MP: 4/7
  2350 | D:3      | Reached skill level 4 in Unarmed Combat
  2355 | D:3      | Reached skill level 1 in Throwing
  2434 | D:3      | Slain by an orc

Skill      XL: |  1  2  3  4 |
---------------+-------------+-----
Transmutations | 3 |  3.5
Dodging        | 3 |  3.4
Unarmed Combat | 4 |  4.0
Throwing       | 1 |  1.0
Fighting       | |  1.9
Polearms       | |  0.2
Spellcasting   | |  2.5

Action                   |  1- 3 |  4- 6 || total
-------------------------+-------+-------++-------
Melee: Unarmed           |   110 |     7 ||   117
       Headbutt          |    11 |       ||    11
       Punch             |     1 |       ||     1
       Halberd           |       |    15 ||    15
 Cast: Beastly Appendage |    16 |     1 ||    17
       Spider Form       |     2 |     1 ||     3
  Use: Scroll            |     1 |       ||     1
 Stab: Sleeping          |     5 |       ||     5
  Eat: Chunk             |     4 |     1 ||     5
Armor: Robe              |    19 |     3 ||    22
Dodge: Dodged            |    78 |    16 ||    94
